 Dungeon Crawl Stone Soup version 0.21.1-1-g345015f (webtiles) character file.

83 vatarom the Chopper (level 4, 0/34 HPs)
             Began as a Gnoll Wanderer on Apr 7, 2018.
             Killed from afar by Sigmund (6 damage)
             ... with a magic dart
             ... on level 3 of the Dungeon.
             The game lasted 00:04:06 (1928 turns).

vatarom the Chopper (Gnoll Wanderer)                Turns: 1928, Time: 00:04:06

Health: 0/34       AC:  4    Str: 14    XL:     4   Next: 44%
Magic:  5/5        EV: 11    Int: 17    God:
Gold:   102        SH:  0    Dex: 18    Spells: 5/5 levels left

rFire    . . .     SeeInvis .   b - +0 hand crossbow
rCold    . . .     Gourm    +   (no shield)
rNeg     . . .     Faith    .   g - +0 leather armour
rPois    .         Spirit   .   (no helmet)
rElec    .         Reflect  .   (no cloak)
rCorr    .         Harm     .   h - +0 pair of gloves
MR       .....                  (no boots)
Stlth    ++........             o - amulet of the gourmand
HPRegen  0.11/turn              (no ring)
MPRegen  0.09/turn              (no ring)

@: brilliant, hasted, very quick
A: distributed training, fangs 1, strong nose
a: no special abilities


You were on level 3 of the Dungeon.
You were very full.

You visited 1 branch of the dungeon, and saw 3 of its levels.

You collected 102 gold pieces.

Inventory:

Hand Weapons
 a - a +2 hand axe
 b - a +0 hand crossbow (weapon)
 q - a +1 whip of electrocution
Missiles
 c - 16 bolts (quivered)
Armour
 g - a +0 leather armour (worn)
 h - a +0 pair of gloves (worn)
Jewellery
 o - an amulet of the gourmand (around neck)
Scrolls
 i - a scroll of teleportation
 k - a scroll of identify {unknown}
 n - a scroll of enchant armour {unknown}
 p - a scroll of magic mapping {unknown}
 r - a scroll of remove curse
Potions
 l - 2 potions of curing
 m - 2 potions of lignification
Comestibles
 f - 4 rations


   Skills:
 + Level 2.7 Fighting
 + Level 1.1 Short Blades
 + Level 1.1 Long Blades
 + Level 6.6 Axes
 + Level 1.1 Maces & Flails
 + Level 1.1 Polearms
 + Level 1.1 Staves
 + Level 1.1 Slings
 + Level 1.1 Bows
 + Level 1.1 Crossbows
 + Level 1.1 Throwing
 + Level 4.6 Armour
 + Level 1.1 Dodging
 + Level 2.5 Stealth
 + Level 2.7 Shields
 + Level 4.6 Unarmed Combat
 + Level 1.1 Spellcasting
 + Level 0.8 Conjurations
 + Level 0.8 Hexes
 + Level 0.8 Charms
 + Level 0.8 Summonings
 + Level 0.8 Necromancy
 + Level 0.8 Translocations
 + Level 0.8 Transmutations
 + Level 0.8 Fire Magic
 + Level 0.8 Ice Magic
 + Level 0.8 Air Magic
 + Level 0.8 Earth Magic
 + Level 0.8 Poison Magic
 + Level 1.2 Invocations
 + Level 1.1 Evocations


You had 5 spell levels left.
You didn't know any spells.

Dungeon Overview and Level Annotations

Branches:
Dungeon (3/15)

Altars:

Annotations:
D:3 Sigmund


Innate Abilities, Weirdness & Mutations

Your experience applies equally to all skills.
You have very sharp teeth.
Your uncanny sense of smell can sniff out nearby items.


Message History

[Y]es or [N]o only, please.
Really target yourself? [Y]es or [N]o only, please.
Really target yourself?
Okay, then.
Firing (i - inventory):
c - 18 bolts (quivered)
Press: ? - help, Shift-Dir - straight line, f - you
Okay, then.
Fire/throw which item? (* to show all) (? for menu, Esc to quit)
Okay, then.
Firing (i - inventory):
c - 18 bolts (quivered)
Press: ? - help, Shift-Dir - straight line You shoot a bolt.
Something hits you but does no damage.
Firing (i - inventory):
c - 17 bolts (quivered)
Press: ? - help, Shift-Dir - straight line, f - orc priest
Aim: an orc priest, wielding a short sword You shoot a bolt.
A magic dart appears from out of thin air!
The magic dart hits you!
You die...

#..# #.##..##.#
#.##..##.#
#.##..##.#
#.##oo##.#
#.##..##.#
#.##.{.#.# ##
#######.###.>#.# #..
........###..#@# #.#
............o#)# #.#
.........##..#{###.#
.....>....#...{)...#
............#......#
..............((...#
...........#######.#
#.###.....## ####.#
#. #.....#####....#


There were no monsters in sight!

Vanquished Creatures
  Terence (D:3)
  A worm (D:2)
  A dart slug (D:1)
  3 orcs (D:3)
  4 bats
  A giant cockroach (D:2)
  5 goblins
  6 hobgoblins
  8 jackals
  A ball python (D:1)
  4 frilled lizards
  6 kobolds
  5 rats
46 creatures vanquished.

Notes
Turn   | Place    | Note
-------+----------+-------------------------------------------
     0 | D:1      | vatarom the Gnoll Wanderer began the quest for the Orb.
     0 | D:1      | vatarom set off with: a +2 hand axe, a +0 hand crossbow, 26 bolts, a scroll of teleportation, a +0 robe, a ration
     0 | D:1      | Reached XP level 1. HP: 17/17 MP: 1/1
   276 | D:1      | Reached XP level 2. HP: 23/23 MP: 2/2
   534 | D:1      | Reached XP level 3. HP: 13/28 MP: 3/3
  1367 | D:2      | Reached skill level 1 in Invocations
  1759 | D:3      | Noticed Terence
  1772 | D:3      | Killed Terence
  1772 | D:3      | Reached skill level 1 in Short Blades
  1772 | D:3      | Reached skill level 1 in Long Blades
  1772 | D:3      | Reached skill level 1 in Maces & Flails
  1772 | D:3      | Reached skill level 1 in Polearms
  1772 | D:3      | Reached skill level 1 in Staves
  1772 | D:3      | Reached skill level 1 in Slings
  1772 | D:3      | Reached skill level 1 in Bows
  1772 | D:3      | Reached skill level 1 in Crossbows
  1772 | D:3      | Reached skill level 1 in Throwing
  1772 | D:3      | Reached skill level 1 in Dodging
  1772 | D:3      | Reached skill level 1 in Spellcasting
  1772 | D:3      | Reached skill level 1 in Evocations
  1772 | D:3      | Reached XP level 4. HP: 29/34 MP: 5/5
  1839 | D:3      | Noticed Sigmund
  1928 | D:3      | Killed from afar by Sigmund

Skill      XL: |  1  2  3 |
---------------+----------+-----
Invocations    | 1 |  1.2
Short Blades   | 1 |  1.1
Long Blades    | 1 |  1.1
Maces & Flails | 1 |  1.1
Polearms       | 1 |  1.1
Staves         | 1 |  1.1
Slings         | 1 |  1.1
Bows           | 1 |  1.1
Crossbows      | 1 |  1.1
Throwing       | 1 |  1.1
Dodging        | 1 |  1.1
Spellcasting   | 1 |  1.1
Evocations     | 1 |  1.1
Fighting       | |  2.7
Axes           | |  6.6
Armour         | |  4.6
Stealth        | |  2.5
Shields        | |  2.7
Unarmed Combat | |  4.6
Conjurations   | |  0.8
Hexes          | |  0.8
Charms         | |  0.8
Summonings     | |  0.8
Necromancy     | |  0.8
Translocations | |  0.8
Transmutations | |  0.8
Fire Magic     | |  0.8
Ice Magic      | |  0.8
Air Magic      | |  0.8
Earth Magic    | |  0.8
Poison Magic   | |  0.8

Action                   |  1- 3 |  4- 6 || total
-------------------------+-------+-------++-------
Melee: Hand axe          |    94 |     5 ||    99
       Bite              |     7 |       ||     7
       Punch             |     1 |       ||     1
 Fire: Hand crossbow     |       |    10 ||    10
  Use: Scroll            |     3 |     1 ||     4
       Potion            |       |     5 ||     5
 Stab: Sleeping          |     6 |       ||     6
  Eat: Chunk             |    10 |     3 ||    13
Armor: Leather armour    |    15 |     1 ||    16
       Skin              |       |    17 ||    17
Dodge: Dodged            |    50 |     7 ||    57
